 Dungeon Crawl Stone Soup version 0.28.0 (webtiles) character file.

Game seed: 16086584469979183885

90 cbfl8 the Chopper (level 4, 0/41 HPs)
             Began as a Minotaur Berserker on Feb 4, 2022.
             Was a Follower of Trog.
             Slain by an ogre (17 damage)
             ... on level 4 of the Dungeon.
             The game lasted 00:07:37 (2818 turns).

cbfl8 the Chopper (Minotaur Berserker)              Turns: 2818, Time: 00:07:38

Health: 0/41       AC:  6    Str: 24    XL:     4   Next: 32%
Magic:  3/3        EV: 10    Int:  4    God:    Trog [*.....]
Gold:   68         SH:  0    Dex:  9    Spells: 3/3 levels left

rFire   . . .      SeeInvis .   p - +3 trident
rCold   . . .      Faith    .   (no shield)
rNeg    . . .      Spirit   .   d - +0 scale mail
rPois   .          Reflect  .   (helmet restricted)
rElec   .          Harm     .   (no cloak)
rCorr   .          Rampage  .   (no gloves)
Will    .....                   (no boots)
Stlth   ..........              (no amulet)
HPRegen 0.13/turn               (no ring)
MPRegen 0.08/turn               (no ring)

@: no status effects
A: horns 2, retaliatory headbutt
a: Renounce Religion, Berserk


You were on level 4 of the Dungeon.
You worshipped Trog.
Trog was aware of your devotion.
You visited 1 branch of the dungeon, and saw 4 of its levels.

You collected 113 gold pieces.
You spent 45 gold pieces at shops.

Inventory:

Hand Weapons
 a - a +0 hand axe
 j - a +1 vampiric dagger
 m - the +10 arbalest of Perfectionism {speed, Dex+6}
   (You acquired it on level 4 of the Dungeon)

   Attacks with this weapon are significantly faster.
   Dex:       It affects your dexterity (+6).
 p - a +3 trident (weapon)
 q - the +5 short sword "Lomiomaj" {flame, Will+++ Str+3 Dex-4 SInv}
   (You found it on level 4 of the Dungeon)

   It burns those it strikes, dealing additional fire damage.
   Str:       It affects your strength (+3).
   Dex:       It affects your dexterity (-4).
   SInv:      It lets you see invisible.
   Will:      It greatly increases your willpower.
Armour
 b - a +0 animal skin
 d - a +0 scale mail (worn)
Scrolls
 e - 2 scrolls of enchant weapon
 f - 3 scrolls of magic mapping
 i - a scroll of fear
 k - 2 scrolls of teleportation
 r - a scroll of immolation {unknown}
Potions
 c - 3 potions of curing {unknown}
 g - 2 potions of flight {unknown}
 h - 2 potions of lignification {unknown}
 l - 3 potions of haste {unknown}
 n - a potion of brilliance {unknown}
 o - a potion of heal wounds {unknown}
 s - a potion of degeneration {unknown}


   Skills:
 + Level 4.5 Fighting
 + Level 4.8(4.9) Axes
 + Level 1.4(3.3) Polearms
 + Level 3.1 Armour
 + Level 2.3 Dodging
 + Level 0.2 Stealth


You had 3 spell levels left.
You didn't know any spells.
Your spell library was empty.

Dungeon Overview and Level Annotations

Branches:
Dungeon (4/15)
 Temple: D:4-7

Altars:

Shops:
D:1 !   D:2 ?:(   D:4 *


Innate Abilities, Weirdness & Mutations

You have a pair of horns on your head.
You reflexively headbutt those who attack you in melee.


Message History

You feel your anger nearly subside.
You are no longer berserk.
You are exhausted.
You feel yourself slow down.
You start resting.
You start resting.
You feel yourself speed up.
You start resting.
You recover from your berserk rage.
You start resting.
HP restored.
You now have 55 gold pieces (gained 6).
Found 13 gold pieces.
Items here: )) [ †.
Items here: ))) [[ ††.
Items here: )) [ †.
q - the +5 short sword "Lomiomaj" {flame, Will+++ Str+3 Dex-4 SInv} You now have 68 gold pieces (gained 13).
Things that are here:
a +0 hand axe; a +0 leather armour; an orc corpse
Items here: ))) [[ ††.
You see here a +0 flail.
You see here a +0 flail.
Items here: ))) [[ ††.
Things that are here:
a +0 hand axe; a +0 leather armour; an orc corpse You open the door.
Found a robe and a short sword.
Found a glass wand.
There is an open door here.
An ogre comes into view. It is wielding a +0 giant club.
The ogre shouts!
You barely miss the ogre. Your headbutt misses the ogre.
The ogre hits you with a +0 giant club!
You hit the ogre. You headbutt the ogre.
The ogre is moderately wounded.
The ogre hits you with a +0 giant club!
You hit the ogre.
The ogre is heavily wounded.
The ogre hits you with a +0 giant club!
You die...

**************,,,*,,* #.......<#
,,,,,,*,,,,,#......,* ##.......#
,,,,,,*,,,,,#.....,,* #...[...#
,,,,,,*,,,,,#.....,,* #.......#
,,,,,,+,,,,,+.....,,* #.......#
*********#**#..)[#**######......#
,,,****,*#.##....####..#..###'###
,,,,,,,,,#./.....+......#.......#
,,,,,,,,,+.....O@#......#.......#
,,,,,,,,,#.......#......#.......#
,,,,,,,,*#...##..###...##.......#
,,,,,,,,*#######'###'####.......#
*********#.........))).##########
,,,,,,,,>#..............#
,,,,,,,,,#..............#
,,,,,,,,,#..............#
,,,,,,,,,+..............#


You could see an ogre.

Vanquished Creatures
  An orc wizard (D:4)
  2 adders (D:3)
  2 dart slugs (D:1)
  5 orcs
  5 bats
  3 endoplasms (D:2)
  A giant cockroach (D:2)
  3 goblins
  2 hobgoblins
  6 kobolds
  A quokka (D:1)
  6 ball pythons
  A frilled lizard (D:2)
  A rat (D:1)
39 creatures vanquished.

Notes
Turn   | Place    | Note
-------+----------+-------------------------------------------
     0 | D:1      | cbfl8 the Minotaur Berserker began the quest for the Orb.
     0 | D:1      | Reached XP level 1. HP: 19/19 MP: 0/0
   185 | D:1      | Found Ihurytupt's Distillery.
   197 | D:1      | Reached XP level 2. HP: 27/27 MP: 1/1
   734 | D:2      | Found Raqudo's Antique Weapon Boutique.
   782 | D:2      | Found Diypakum's Book Shoppe.
   796 | D:2      | Found Iseutof's Magic Scroll Boutique.
   820 | D:2      | Bought a scroll of teleportation for 30 gold pieces
  1135 | D:2      | Reached XP level 3. HP: 23/33 MP: 2/2
  1434 | D:3      | Found a faded altar of an unknown god.
  2575 | D:4      | Found Ishryo's CLEARANCE SALE!.
  2597 | D:4      | Bought a scroll of enchant weapon for 15 gold pieces
  2599 | D:4      | Identified a scroll of acquirement
  2600 | D:4      | Acquired the +10 arbalest of Perfectionism {speed, Dex+6}
  2652 | D:4      | Reached skill level 1 in Polearms
  2652 | D:4      | Reached XP level 4. HP: 25/41 MP: 3/3
  2775 | D:4      | Identified the +5 short sword "Lomiomaj" {flame, Will+++
                  | Str+3 Dex-4 SInv}
  2813 | D:4      | Noticed an ogre
  2818 | D:4      | Slain by an ogre

Illustrated notes

Levels and vault maps discovered:
D:1:      nicolae_arrival_memento_mori, layout_rooms, serial_shops, shop
D:2:      layout_loops_ring, serial_shops,
          nicolae_shop_competitors_out_of_business, shop, shop,
          chequers_serial_rivers_room_b
D:3:      layout_basic, basic_ecumenical_altar, grunt_ministairs_13,
          minmay_misc_feat_roman
D:4:      layout_gridville, nicolae_shop_clearance

Skill      XL: |  1  2  3 |
---------------+----------+-----
Fighting       | 4 |  4.5
Axes           | 4 |  4.8
Armour         | 3 |  3.1
Polearms       | 1 |  1.4
Dodging        | |  2.3
Stealth        | |  0.2

Action                   |  1- 3 |  4- 6 || total
-------------------------+-------+-------++-------
Melee: Hand axe          |    46 |       ||    46
       Headbutt          |     7 |     1 ||     8
       Trident           |    18 |     5 ||    23
Invok: Berserk           |       |     1 ||     1
  Use: Scroll            |     4 |       ||     4
Armor: Scale mail        |    30 |     1 ||    31
Dodge: Dodged            |    41 |     4 ||    45
